Map: Orbital Shipyard

Players

llllllllllll (Super) - Winner!

  • Race: Protoss Protoss
  • League: Grandmaster

State

  • Race: Protoss Protoss
  • League: Grandmaster

VOD

Have the link to the VOD?

Description

Time

  • Played on: Dec. 28, 2015, 1 a.m.
  • Length: 11:46
Show
View Real Time Build Order
Export as new Build Order

llllllllllll Protoss - Winner!

Build Orders: Oracle Opening 

Get SALT Encoding   

  12  0:00  Probe (Chrono Boost)  
  13  0:11  Probe (Chrono Boost)  
  14  0:17  Pylon  
  14  0:21  Probe (Chrono Boost)  
  15  0:36  Probe (Chrono Boost)  
  15  0:37  Gateway  
  15  0:42  Assimilator  
  16  0:46  Probe (Chrono Boost)  
  17  0:51  Assimilator  
  18  0:57  Probe (Chrono Boost)  
  18  1:07  Probe (Chrono Boost)  
  18  1:09  Gateway  
  19  1:18  Probe (Chrono Boost)  
  20  1:24  Cybernetics Core  
  20  1:28  Probe (Chrono Boost)  
  20  1:31  Pylon  
  21  1:39  Probe (Chrono Boost)  
  22  1:49  Probe (Chrono Boost)  
  23  2:00  Adept x2  
  23  2:01  Mothership Core (Chrono Boost), Warp Gate (Chrono Boost)  
  29  2:08  Pylon  
  29  2:19  Probe (Chrono Boost)  
  30  2:26  Stargate  
  30  2:46  Nexus  
  30  2:51  Probe  
  31  3:02  Robotics Facility  
  31  3:06  Probe  
  32  3:14  Oracle (Chrono Boost)  
  35  3:20  Probe  
  36  3:32  Probe  
  37  3:44  Probe  
  36  3:51  Pylon  
  36  3:52  Observer  
  37  3:56  Probe  
  37  3:57  Probe  
  40  4:10  Probe  
  40  4:15  Nexus  
  44  4:17  Immortal, Probe  
  44  4:22  Probe  
  46  4:28  Probe  
  47  4:34  Probe (Chrono Boost)  
  48  4:39  Probe (Chrono Boost)  
  49  4:46  Twilight Council, Probe (Chrono Boost), Gateway  
  49  4:47  Sentry  
  49  4:48  Sentry  
  49  4:51  Probe (Chrono Boost)  
  49  4:52  Assimilator  
  55  4:55  Assimilator  
  55  4:57  Probe (Chrono Boost)  
  55  4:59  Observer  
  57  5:01  Probe (Chrono Boost)  
  58  5:07  Probe (Chrono Boost)  
  58  5:09  Pylon  
  58  5:12  Probe (Chrono Boost)  
  60  5:17  Pylon  
  60  5:18  Probe (Chrono Boost)  
  60  5:21  Pylon  
  61  5:22  Probe (Chrono Boost)  
  61  5:27  Immortal  
  61  5:28  Probe x2 (Chrono Boost)  
  68  5:33  Probe (Chrono Boost)  
  69  5:37  Charge (Chrono Boost)  
  69  5:44  Probe (Chrono Boost)  
  69  5:45  Probe x2 (Chrono Boost)  
  72  5:50  Forge  
  72  5:52  Pylon  
  72  5:55  Probe x3 (Chrono Boost)  
  75  5:59  Pylon  
  75  6:04  Warp Prism  
  77  6:11  Protoss Ground Weapons Level 1  
  77  6:18  Gateway  
  77  6:20  Probe x3 (Chrono Boost)  
  77  6:21  Gateway  
  77  6:23  Gateway  
  79  6:29  Gateway  
  79  6:32  Probe x3, Gateway  
  82  6:38  Dark Shrine  
  82  6:40  Immortal  
  86  6:53  Probe x3  
  89  6:54  Assimilator x2  
  89  7:13  Gateway x2  
  90  7:18  Immortal  
  90  7:19  Templar Archives  
  93  7:36  Nexus  
  90  7:40  Zealot x2, Pylon  
  90  7:41  Zealot x4  
  90  7:43  Pylon  
  102  7:45  Blink (Chrono Boost)  
  102  7:46  Probe x3  
  102  7:50  Zealot x2  
  109  7:54  Immortal  
  109  8:02  Phoenix  
  115  8:09  Pylon  
  115  8:14  Pylon  
  115  8:19  Photon Cannon  
  115  8:26  Photon Cannon  
  115  8:27  Protoss Ground Weapons Level 2  
  115  8:29  Pylon, Photon Cannon  
  115  8:34  Zealot x7  
  126  9:02  Photon Cannon  
  123  9:04  Probe x3  
  123  9:08  Zealot x4  
  123  9:09  Zealot  
  136  9:24  High Templar x3  
  136  9:25  Zealot, High Templar  
  136  9:26  Photon Cannon  
  136  9:29  Archon x2  
  136  9:30  Nexus  
  144  9:38  Pylon  
  144  9:41  Probe x3, Assimilator  
  147  9:47  Assimilator  
  147  9:50  Pylon  
  147  9:51  Immortal, Pylon  
  147  9:53  Pylon, Photon Cannon  
  151  10:00  Pylon  
  151  10:01  High Templar x2  
  151  10:03  High Templar  
  157  10:08  High Templar, Photon Cannon, Archon  
  157  10:09  High Templar  
  157  10:10  High Templar  
  157  10:11  High Templar x2  
  157  10:12  Pylon, High Templar x2  
  157  10:13  Archon  
  157  10:14  Archon  
  171  10:15  Archon  
  171  10:16  Archon  
  171  10:28  Observer  
  152  10:34  Zealot x2  
  137  10:48  Observer, Zealot x3  
  137  10:49  Zealot x5  
  142  11:05  Robotics Facility  
  142  11:07  Probe x3 (Chrono Boost)  
  142  11:10  Probe (Chrono Boost)  
  133  11:17  Probe (Chrono Boost)  
  133  11:18  Probe x2 (Chrono Boost)  
  128  11:20  High Templar  
  128  11:21  Zealot x2, High Templar x5  
  128  11:25  Archon x2  
  140  11:26  Archon  
  132  11:35  Zealot x2  
Show
View Real Time Build Order
Export as new Build Order

State Protoss 

Build Orders: 1 Gate Expand 

Get SALT Encoding   

  12  0:02  Probe (Chrono Boost)  
  13  0:12  Probe (Chrono Boost)  
  14  0:18  Pylon  
  14  0:23  Probe (Chrono Boost)  
  15  0:36  Gateway, Probe (Chrono Boost)  
  15  0:41  Assimilator  
  16  0:46  Probe (Chrono Boost)  
  17  0:57  Probe (Chrono Boost)  
  18  1:08  Probe (Chrono Boost)  
  19  1:17  Nexus  
  19  1:21  Probe (Chrono Boost)  
  20  1:31  Cybernetics Core  
  20  1:34  Probe (Chrono Boost)  
  21  1:41  Assimilator  
  21  1:44  Probe (Chrono Boost)  
  22  1:51  Pylon  
  22  1:55  Probe (Chrono Boost)  
  23  2:09  Stalker, Warp Gate  
  23  2:10  Probe (Chrono Boost)  
  26  2:19  Gateway  
  26  2:20  Probe (Chrono Boost)  
  27  2:30  Mothership Core (Chrono Boost)  
  27  2:32  Probe (Chrono Boost)  
  29  2:39  Stalker (Chrono Boost)  
  29  2:42  Probe (Chrono Boost)  
  32  2:49  Gateway, Probe  
  33  3:00  Probe  
  33  3:02  Probe  
  35  3:06  Stalker (Chrono Boost)  
  34  3:15  Stalker (Chrono Boost)  
  34  3:17  Probe  
  38  3:25  Pylon  
  38  3:26  Probe  
  37  3:32  Stalker (Chrono Boost)  
  41  3:41  Stalker (Chrono Boost)  
  41  3:45  Probe x2 (Chrono Boost)  
  43  3:56  Probe (Chrono Boost)  
  43  3:57  Probe (Chrono Boost)  
  45  4:05  Robotics Facility  
  45  4:07  Probe (Chrono Boost)  
  46  4:12  Probe (Chrono Boost)  
  46  4:16  Pylon  
  47  4:17  Probe (Chrono Boost)  
  47  4:22  Probe (Chrono Boost)  
  49  4:28  Probe (Chrono Boost)  
  49  4:33  Probe (Chrono Boost)  
  49  4:35  Twilight Council  
  51  4:38  Probe (Chrono Boost)  
  51  4:43  Probe (Chrono Boost)  
  52  4:49  Nexus  
  52  4:50  Probe (Chrono Boost)  
  52  4:52  Probe (Chrono Boost)  
  53  4:54  Observer (Chrono Boost)  
  55  5:01  Probe  
  55  5:02  Probe, Pylon  
  57  5:10  Pylon  
  57  5:12  Pylon  
  57  5:13  Probe, Observer (Chrono Boost)  
  58  5:16  Blink (Chrono Boost)  
  58  5:17  Probe  
  58  5:19  Gateway  
  59  5:24  Assimilator  
  59  5:25  Probe  
  59  5:27  Assimilator  
  60  5:29  Probe  
  61  5:37  Probe  
  61  5:41  Probe  
  63  5:47  Immortal  
  66  5:50  Probe  
  66  5:53  Probe  
  66  5:55  Stalker x2  
  73  6:00  Probe  
  73  6:02  Probe  
  73  6:04  Pylon  
  75  6:05  Probe (Chrono Boost)  
  75  6:08  Pylon  
  75  6:09  Pylon  
  76  6:12  Probe (Chrono Boost)  
  76  6:14  Probe (Chrono Boost)  
  76  6:17  Probe (Chrono Boost)  
  79  6:23  Probe (Chrono Boost)  
  79  6:24  Forge  
  79  6:25  Probe (Chrono Boost), Pylon  
  81  6:28  Probe (Chrono Boost)  
  81  6:31  Immortal (Chrono Boost)  
  82  6:34  Probe (Chrono Boost)  
  82  6:35  Probe (Chrono Boost)  
  82  6:38  Sentry, Probe (Chrono Boost)  
  91  6:42  Protoss Ground Weapons Level 1  
  91  6:43  Assimilator  
  91  6:44  Probe (Chrono Boost)  
  91  6:46  Probe (Chrono Boost)  
  93  6:47  Assimilator  
  93  6:49  Probe (Chrono Boost)  
  94  6:54  Probe (Chrono Boost)  
  94  6:57  Dark Shrine  
  95  7:02  Pylon  
  95  7:05  Warp Prism  
  95  7:06  Pylon  
  95  7:07  Pylon  
  95  7:13  Probe x2  
  99  7:22  Probe  
  100  7:24  Photon Cannon  
  100  7:25  Probe  
  100  7:29  Pylon, Photon Cannon  
  100  7:34  Photon Cannon  
  100  7:35  Photon Cannon  
  100  7:36  Pylon  
  100  7:39  Immortal, Pylon  
  100  7:40  Pylon  
  104  7:51  Gateway x2  
  104  7:54  Gateway x3  
  104  7:59  Gateway  
  104  8:11  Templar Archives  
  104  8:13  Pylon  
  104  8:17  Dark Templar x2  
  104  8:18  Dark Templar x2  
  110  8:28  Probe x2  
  110  8:30  Warp Prism  
  110  8:31  Photon Cannon  
  110  8:33  Photon Cannon  
  114  8:44  Protoss Ground Weapons Level 2  
  114  8:49  Probe x2  
  112  8:57  Psionic Storm  
  112  9:01  Immortal  
  106  9:07  High Templar x5  
  106  9:08  High Templar  
  122  9:12  Gateway x2  
  122  9:16  Gateway, Nexus  
  122  9:23  Zealot x2  
  122  9:24  Zealot x2  
  115  9:40  Zealot x6  
  127  9:48  Zealot x3  
  127  9:49  Zealot  
  135  9:53  Immortal, Archon x2  
  135  9:54  Archon  
  139  10:02  High Templar x5  
  139  10:03  High Templar  
  151  10:08  Pylon  
  151  10:15  Stalker x5  
  159  10:24  Zealot x2  
  115  10:35  Dark Templar  
  115  10:36  Dark Templar x2  
  115  10:41  Archon  
  115  10:42  Immortal  
  97  10:51  Stalker x9  
  97  10:52  Stalker x2  
  77  11:12  Stalker x2  
  75  11:18  Zealot x3  
  75  11:19  Zealot x3  
  75  11:23  Zealot  
  81  11:30  Dark Templar  
Tags
 
Add a new tag
Caveats
  • Supply blocks, unpowered buildings, or Contaminate may cause inaccurate times.
  • Supply counts are checked every 10 seconds.